TOP OF THE 1ST |
Kalamazoo Royale with Cheese batting - Pitching for St Charles Sheens : LHP Scott Davis
|
Pitching: LHP Scott Davis
|
|
Batting: RHB Millard Boyd
|
0-0: Ball 1-0: Foul Ball, location: 2F 1-1: Ball 2-1: Ball 3-1: Fly out, F7 (Flyball, 78S)
|
Batting: RHB Eichiro Yamamoto
|
0-0: Called Strike 0-1: DOUBLE (Line Drive, 7LD)
|
Batting: SHB Caden Keith
|
0-0: Ball 1-0: Ball 2-0: Ball 3-0: Base on Balls
|
Batting: LHB Gene Cooper
|
0-0: Ball 1-0: Called Strike 1-1: Ball Eichiro Yamamoto steals 3rd base Caden Keith to second 2-1: Foul Ball, location: 2F 2-2: Strikes out swinging
|
Batting: RHB Chris Parker
|
0-0: Foul Ball, location: 2F 0-1: Ball 1-1: Swinging Strike 1-2: Ball 2-2: Foul Ball, location: 2F 2-2: Ball 3-2: Base on Balls
|
Batting: RHB Eugene Gill
|
0-0: Fielders Choice at 2nd, U4 (Groundball, 4M)
|
Top of the 1st over - 0 runs, 1 hit, 0 errors, 3 left on base; Kalamazoo 0 - St Charles 0 |
BOTTOM OF THE 1ST |
St Charles Sheens batting - Pitching for Kalamazoo Royale with Cheese : LHP Dave Huot
|
Pitching: LHP Dave Huot
|
|
Batting: RHB Jesús Hernández
|
0-0: Fly out, F8 (Flyball, 8LD)
|
Batting: RHB Rob Brady
|
0-0: Foul Ball, location: 2F 0-1: Ball 1-1: Ball 2-1: Ground out 6-3 (Groundball, 6)
|
Batting: LHB Nick Gamble
|
0-0: Ball 1-0: Ball 2-0: SINGLE (Groundball, 34D)
|
Batting: RHB Shawn Gutiérrez
|
0-0: Ball 1-0: Called Strike 1-1: Called Strike 1-2: Fly out, F4 (Line Drive, 4M)
|
Bottom of the 1st over - 0 runs, 1 hit, 0 errors, 1 left on base; Kalamazoo 0 - St Charles 0 |
TOP OF THE 2ND |
Kalamazoo Royale with Cheese batting - Pitching for St Charles Sheens : LHP Scott Davis
|
Batting: RHB Marlon Phipps
|
0-0: DOUBLE (Flyball, 8RXD)
|
Batting: RHB Dan Tyler
|
0-0: SINGLE (Groundball, 6MD) Marlon Phipps to third Runner from 3rd tries for Home, SAFE, throw made home
|
Batting: RHB Tae-kwon Kwon
|
Pickoff Throw to First - Out! 0-0: Called Strike 0-1: Ball 1-1: Swinging Strike 1-2: Foul Ball, location: 2F 1-2: Foul Ball, location: 2F 1-2: SINGLE (Flyball, 89S)
|
Batting: RHB Millard Boyd
|
0-0: Ball 1-0: SINGLE (Groundball, 6MD) Tae-kwon Kwon to second Runner from 2nd tries for 3rd, OUT! Millard Boyd to second
|
Batting: RHB Eichiro Yamamoto
|
0-0: Called Strike 0-1: Ball 1-1: Ball 2-1: Fly out, F3 (Popup, 34S)
|
Top of the 2nd over - 1 run, 4 hits, 0 errors, 1 left on base; Kalamazoo 1 - St Charles 0 |
BOTTOM OF THE 2ND |
St Charles Sheens batting - Pitching for Kalamazoo Royale with Cheese : LHP Dave Huot
|
Batting: RHB Ramón Molina
|
0-0: Foul Ball, location: 2F 0-1: Called Strike 0-2: Foul Ball, location: 2F 0-2: Foul Ball, location: 2F 0-2: Strikes out swinging
|
Batting: SHB Henry Copeland
|
0-0: Ball 1-0: Fly out, F8 (Flyball, 8LD)
|
Batting: RHB Héctor Vázquez
|
0-0: Called Strike 0-1: Ball 1-1: Called Strike 1-2: Fly out, F5 (Line Drive, 5)
|
Bottom of the 2nd over - 0 runs, 0 hits, 0 errors, 0 left on base; Kalamazoo 1 - St Charles 0 |
TOP OF THE 3RD |
Kalamazoo Royale with Cheese batting - Pitching for St Charles Sheens : LHP Scott Davis
|
Batting: SHB Caden Keith
|
0-0: Called Strike 0-1: Foul Ball, location: 2F 0-2: Foul Ball, location: 2F 0-2: Ball 1-2: Ball 2-2: Foul Ball, location: 2F 2-2: Ball 3-2: Base on Balls
|
Batting: LHB Gene Cooper
|
0-0: Ball 1-0: Ball 2-0: Ball 3-0: Base on Balls Caden Keith to second
|
Batting: RHB Chris Parker
|
0-0: Swinging Strike 0-1: Fly out, F4 (Popup, 34D)
|
Batting: RHB Eugene Gill
|
0-0: Called Strike 0-1: 3-RUN HOME RUN (Line Drive, 7LD), Distance : 370 ft
|
Batting: LHB Bob Smith
|
0-0: Called Strike 0-1: Called Strike 0-2: Ball 1-2: Ground out 1-3 (Groundball, P)
|
Batting: RHB Dan Tyler
|
0-0: Called Strike 0-1: Called Strike 0-2: Ball 1-2: Fly out, F9 (Line Drive, 9S)
|
Top of the 3rd over - 3 runs, 1 hit, 0 errors, 0 left on base; Kalamazoo 4 - St Charles 0 |
BOTTOM OF THE 3RD |
St Charles Sheens batting - Pitching for Kalamazoo Royale with Cheese : LHP Dave Huot
|
Batting: RHB Lúcio Alfaro
|
0-0: Ground out 4-3 (Groundball, 4)
|
Batting: RHB Salvador Rodríguez
|
0-0: Ball 1-0: SINGLE (Groundball, 56D)
|
Batting: RHB Jesús Hernández
|
0-0: Fly out, F5 (Popup, 5SF)
|
Batting: RHB Rob Brady
|
0-0: Called Strike 0-1: Foul Ball, location: 2F 0-2: Ball 1-2: Strikes out swinging
|
Bottom of the 3rd over - 0 runs, 1 hit, 0 errors, 1 left on base; Kalamazoo 4 - St Charles 0 |
TOP OF THE 4TH |
Kalamazoo Royale with Cheese batting - Pitching for St Charles Sheens : LHP Scott Davis
|
Batting: RHB Tae-kwon Kwon
|
0-0: Fly out, F8 (Flyball, 8RM)
|
Batting: RHB Millard Boyd
|
0-0: Ball 1-0: Ground out 5-3 (Groundball, 56S)
|
Batting: RHB Eichiro Yamamoto
|
0-0: Ball 1-0: Ball 2-0: Ball 3-0: Called Strike 3-1: Fly out, F8 (Flyball, 8LXD)
|
Top of the 4th over - 0 runs, 0 hits, 0 errors, 0 left on base; Kalamazoo 4 - St Charles 0 |
BOTTOM OF THE 4TH |
St Charles Sheens batting - Pitching for Kalamazoo Royale with Cheese : LHP Dave Huot
|
Batting: LHB Nick Gamble
|
0-0: SOLO HOME RUN (Flyball, 7D), Distance : 373 ft
|
Batting: RHB Shawn Gutiérrez
|
0-0: Fly out, F8 (Flyball, 78M)
|
Batting: RHB Ramón Molina
|
0-0: Ball 1-0: Ball 2-0: Called Strike 2-1: Ground out U3 (Groundball, 3)
|
Batting: SHB Henry Copeland
|
0-0: Ball 1-0: Called Strike 1-1: Foul Ball, location: 2F 1-2: Foul Ball, location: 2F 1-2: Foul Ball, location: 2F 1-2: Foul Ball, location: 2F 1-2: DOUBLE (Flyball, 8LXD)
|
Batting: RHB Héctor Vázquez
|
0-0: Called Strike 0-1: Foul Ball, location: 2F 0-2: Ball 1-2: Foul Ball, location: 2F 1-2: Strikes out looking
|
Bottom of the 4th over - 1 run, 2 hits, 0 errors, 1 left on base; Kalamazoo 4 - St Charles 1 |
TOP OF THE 5TH |
Kalamazoo Royale with Cheese batting - Pitching for St Charles Sheens : LHP Scott Davis
|
Batting: SHB Caden Keith
|
0-0: Called Strike 0-1: Ball 1-1: Swinging Strike 1-2: Ground out 4-3 (Groundball, 4MD)
|
Batting: LHB Gene Cooper
|
0-0: Swinging Strike 0-1: Called Strike 0-2: Ground out 4-3 (Groundball, 4)
|
Batting: RHB Chris Parker
|
0-0: Called Strike 0-1: Ball 1-1: Foul Ball, location: 2F 1-2: Strikes out swinging
|
Top of the 5th over - 0 runs, 0 hits, 0 errors, 0 left on base; Kalamazoo 4 - St Charles 1 |
BOTTOM OF THE 5TH |
St Charles Sheens batting - Pitching for Kalamazoo Royale with Cheese : LHP Dave Huot
|
Batting: RHB Lúcio Alfaro
|
0-0: Foul Ball, location: 2F 0-1: Fly out, F8 (Flyball, 8RS)
|
Batting: RHB Salvador Rodríguez
|
0-0: Ball 1-0: Called Strike 1-1: Ball 2-1: Swinging Strike 2-2: Ball 3-2: Strikes out swinging
|
Batting: RHB Jesús Hernández
|
0-0: Called Strike 0-1: Foul Ball, location: 2F 0-2: Ground out 6-3 (Groundball, 6S)
|
Bottom of the 5th over - 0 runs, 0 hits, 0 errors, 0 left on base; Kalamazoo 4 - St Charles 1 |
TOP OF THE 6TH |
Kalamazoo Royale with Cheese batting - Pitching for St Charles Sheens : LHP Scott Davis
|
Batting: RHB Eugene Gill
|
0-0: Ground out 5-3 (Groundball, 56S)
|
Batting: LHB Bob Smith
|
0-0: Swinging Strike 0-1: Ball 1-1: Called Strike 1-2: Strikes out swinging
|
Batting: RHB Dan Tyler
|
0-0: Ball 1-0: SINGLE (Groundball, 34D)
|
Batting: RHB Tae-kwon Kwon
|
0-0: Called Strike 0-1: Ball 1-1: Fielders Choice at 2nd, 6-4 (Groundball, 6)
|
Top of the 6th over - 0 runs, 1 hit, 0 errors, 1 left on base; Kalamazoo 4 - St Charles 1 |
BOTTOM OF THE 6TH |
St Charles Sheens batting - Pitching for Kalamazoo Royale with Cheese : LHP Dave Huot
|
Batting: RHB Rob Brady
|
0-0: Called Strike 0-1: Swinging Strike 0-2: Foul Ball, location: 2F 0-2: Ball 1-2: Fly out, F8 (Flyball, 8RM)
|
Batting: LHB Nick Gamble
|
0-0: Ball 1-0: Foul Ball, location: 2F 1-1: Ball 2-1: Fly out, F4 (Popup, 4M)
|
Batting: RHB Shawn Gutiérrez
|
0-0: Ball 1-0: Foul Ball, location: 2F 1-1: Foul Ball, location: 2F 1-2: Ball 2-2: Foul Ball, location: 2F 2-2: Foul Ball, location: 2F 2-2: Ground out 4-3 (Groundball, 4)
|
Bottom of the 6th over - 0 runs, 0 hits, 0 errors, 0 left on base; Kalamazoo 4 - St Charles 1 |
TOP OF THE 7TH |
Kalamazoo Royale with Cheese batting - Pitching for St Charles Sheens : LHP Scott Davis
|
Batting: RHB Millard Boyd
|
0-0: Foul Ball, location: 2F 0-1: Fly out, F9 (Flyball, 89D)
|
Batting: RHB Eichiro Yamamoto
|
0-0: Ball 1-0: Ground out 5-3 (Groundball, 56S)
|
Batting: SHB Caden Keith
|
0-0: Called Strike 0-1: Ball 1-1: Ball 2-1: Swinging Strike 2-2: Strikes out swinging
|
Top of the 7th over - 0 runs, 0 hits, 0 errors, 0 left on base; Kalamazoo 4 - St Charles 1 |
BOTTOM OF THE 7TH |
St Charles Sheens batting - Pitching for Kalamazoo Royale with Cheese : LHP Dave Huot
|
Batting: RHB Ramón Molina
|
0-0: Swinging Strike 0-1: Called Strike 0-2: Ball 1-2: Strikes out swinging
|
Batting: SHB Henry Copeland
|
0-0: Swinging Strike 0-1: Ball 1-1: Swinging Strike 1-2: Ball 2-2: Strikes out swinging, 2-3 out at first.
|
Batting: RHB Héctor Vázquez
|
0-0: Foul Ball, location: 2F 0-1: Called Strike 0-2: Fly out, F8 (Flyball, 8LS)
|
Bottom of the 7th over - 0 runs, 0 hits, 0 errors, 0 left on base; Kalamazoo 4 - St Charles 1 |
TOP OF THE 8TH |
Kalamazoo Royale with Cheese batting - Pitching for St Charles Sheens : LHP Scott Davis
|
Pitching: RHP Ricardo Montero
|
|
Batting: LHB Gene Cooper
|
0-0: Ball 1-0: Swinging Strike 1-1: Ball 2-1: Swinging Strike 2-2: Foul Ball, location: 2F 2-2: Foul Ball, location: 2F 2-2: Foul Ball, location: 2F 2-2: Ball 3-2: Base on Balls
|
Batting: RHB Chris Parker
|
0-0: Ball 1-0: Called Strike 1-1: Ball 2-1: 2-RUN HOME RUN (Flyball, 89XD), Distance : 439 ft
|
Batting: RHB Eugene Gill
|
0-0: Called Strike 0-1: Ground out 4-3 (Groundball, 4MD)
|
Batting: LHB Bob Smith
|
0-0: Foul Ball, location: 2F 0-1: Called Strike 0-2: Strikes out swinging
|
Batting: RHB Dan Tyler
|
0-0: Called Strike 0-1: Ball 1-1: Swinging Strike 1-2: Foul Ball, location: 2F 1-2: Strikes out looking
|
Top of the 8th over - 2 runs, 1 hit, 0 errors, 0 left on base; Kalamazoo 6 - St Charles 1 |
BOTTOM OF THE 8TH |
St Charles Sheens batting - Pitching for Kalamazoo Royale with Cheese : LHP Dave Huot
|
Batting: RHB Lúcio Alfaro
|
0-0: Foul Ball, location: 2F 0-1: Ball 1-1: Foul Ball, location: 2F 1-2: Ground out 4-3 (Groundball, 4)
|
Batting: RHB Salvador Rodríguez
|
0-0: Called Strike 0-1: Ball 1-1: Ball 2-1: Foul Ball, location: 2F 2-2: Ball 3-2: Foul Ball, location: 2F 3-2: DOUBLE (Line Drive, 7LD)
|
Pitching: RHP Bob Cunningham
|
|
Batting: RHB Jesús Hernández
|
0-0: Foul Ball, location: 2F 0-1: Fly out, F3 (Popup, 34S)
|
Batting: RHB Rob Brady
|
0-0: Fly out, F1 (Popup, P)
|
Bottom of the 8th over - 0 runs, 1 hit, 0 errors, 1 left on base; Kalamazoo 6 - St Charles 1 |
TOP OF THE 9TH |
Kalamazoo Royale with Cheese batting - Pitching for St Charles Sheens : RHP Ricardo Montero
|
Pitching: RHP Bob Martin
|
|
Batting: RHB Tae-kwon Kwon
|
0-0: Ball 1-0: Ball 2-0: Ball 3-0: Called Strike 3-1: Ground out 4-3 (Groundball, 34)
|
Batting: RHB Millard Boyd
|
0-0: Called Strike 0-1: Ball 1-1: Foul Ball, location: 2F 1-2: Fly out, F8 (Line Drive, 8LS)
|
Batting: RHB Eichiro Yamamoto
|
0-0: Fly out, F7 (Flyball, 78S)
|
Top of the 9th over - 0 runs, 0 hits, 0 errors, 0 left on base; Kalamazoo 6 - St Charles 1 |
BOTTOM OF THE 9TH |
St Charles Sheens batting - Pitching for Kalamazoo Royale with Cheese : RHP Bob Cunningham
|
Batting: LHB Nick Gamble
|
0-0: Fly out, F5 (Popup, 5F)
|
Batting: RHB Shawn Gutiérrez
|
0-0: Ball 1-0: Ball 2-0: Ball 3-0: Base on Balls
|
Batting: RHB Ramón Molina
|
0-0: Ball 1-0: Foul Ball, location: 2F 1-1: Ball 2-1: SINGLE (Line Drive, 6MD) Shawn Gutiérrez to second
|
Batting: SHB Henry Copeland
|
0-0: Ball 1-0: Fly out, F8 (Flyball, 8LS)
|
Batting: RHB Héctor Vázquez
|
0-0: Ball 1-0: Foul Ball, location: 2F 1-1: Swinging Strike 1-2: Fly out, F9 (Flyball, 9)
|
Bottom of the 9th over - 0 runs, 1 hit, 0 errors, 2 left on base; Kalamazoo 6 - St Charles 1 |
|